 Dungeon Crawl Stone Soup version 0.30.1-1-g62c8e00024 (webtiles) character file.

Game seed: 1161243374467827059

16193 Peloso the Carver (level 12, -12/108 HPs)
             Began as a Minotaur Fighter on July 17, 2023.
             Was a High Priest of Okawaru.
             Mangled by a komodo dragon (16 damage)
             ... on level 1 of the Lair of Beasts.
             The game lasted 00:23:53 (11191 turns).

Peloso the Carver (Minotaur Fighter)               Turns: 11191, Time: 00:23:54

Health: -12/108    AC: 18    Str: 23    XL:     12   Next: 7%
Magic:  12/12      EV:  8    Int:  5    God:    Okawaru [*****.]
Gold:   1196       SH:  6    Dex: 13    Spells: 11/11 levels left

rFire   . . .        a - +2 falchion
rCold   + . .        d - +0 buckler
rNeg    . . .        F - +0 plate armour
rPois   .            (helmet restricted)
rElec   .            I - +0 cloak
rCorr   .            O - +0 pair of gloves
SInv    .            (no boots)
Will    .....        j - amulet of regeneration Stlth
                     B - +4 ring of slaying
HPRegen 1.18/turn    i - ring of protection from cold
MPRegen 0.13/turn

%: no passive effects
@: no status effects
A: horns 2, retaliatory headbutt
a: Renounce Religion, Heroism, Finesse, Duel


You were on level 1 of the Lair of Beasts.
You worshipped Okawaru.
Okawaru was extremely pleased with you.
You visited 3 branches of the dungeon, and saw 13 of its levels.

You collected 1294 gold pieces.
You spent 98 gold pieces at shops.

Inventory:

Hand Weapons
 a - a +2 falchion (weapon)
 b - the +2 whip "Syegga Xoquo" {speed, rF++ rN+}
   (You found it on level 5 of the Dungeon)

   rF:        It greatly protects you from fire.
   rN:        It protects you from negative energy.
 c - a +2 dagger of flaming
Missiles
 x - a throwing net (quivered)
Armour
 d - a +0 buckler (worn)
 F - a +0 plate armour (worn)
 I - a +0 cloak (worn)
 O - a +0 pair of gloves (worn)
Jewellery
 i - a ring of protection from cold (right hand)
 j - an amulet of regeneration (around neck)
 l - a ring of resist corrosion
 s - a +6 ring of strength
 v - a ring of ice
 z - a ring of protection from fire
 B - a +4 ring of slaying (left hand)
 D - a ring of poison resistance
 E - a ring of fire
Wands
 A - a wand of paralysis (7)
 K - a wand of polymorph (4)
 N - a wand of flame (8)
 P - a wand of roots (1)
Scrolls
 f - a scroll of enchant armour
 g - 3 scrolls of fear
 k - 4 scrolls of teleportation
 n - a scroll of enchant weapon
 o - 2 scrolls of noise
 y - a scroll of fog
 C - a scroll of poison
 G - 2 scrolls of blinking
Potions
 e - 2 potions of might
 h - a potion of invisibility
 m - 4 potions of haste
 p - 3 potions of curing
 q - 4 potions of heal wounds
 r - a potion of brilliance {unknown}
 w - 4 potions of magic {unknown}
 H - a potion of berserk rage {unknown}
 L - 2 potions of mutation {unknown}
 Q - a potion of flight {unknown}


   Skills:
 + Level 10.8 Fighting
 + Level 14.6 Long Blades
 + Level 12.5 Armour
 + Level 2.8 Dodging
 + Level 1.9 Stealth
 + Level 9.7 Shields
 + Level 1.7 Invocations
 + Level 0.8 Evocations


You had 11 spell levels left.
You didn't know any spells.
Your spell library contained the following spells:

 Spells                   Type           Power      Damage    Failure   Level
 Magic Dart               Conj           0%         1d3       99%         1
 Ensorcelled Hibernation  Hex/Ice        0%         N/A       100%        2
 Passwall                 Tmut/Erth      0%         N/A       100%        2
 Poisonous Vapours        Pois/Air       0%         N/A       100%        2
 Searing Ray              Conj           0%         2d4       100%        2
 Mephitic Cloud           Conj/Pois/Air  0%         N/A       100%        3
 Swiftness                Air            0%         N/A       100%        3
 Fulminant Prism          Conj/Hex       0%         3d5       100%        4
 Borgnjor's Vile Clutch   Necr/Erth      0%         N/A       100%        5
 Freezing Cloud           Conj/Ice/Air   0%         6-21      100%        5
 Animate Dead             Necr           Unusable   N/A       N/A         4
 Death Channel            Necr           Unusable   N/A       N/A         6

Dungeon Overview and Level Annotations

Branches:
Dungeon (11/15)            Temple (1/1) D:7            Lair (1/5) D:11
    Orc: D:9-12

Altars:
Ashenzari
Cheibriados
Dithmenos
Elyvilon
Fedhas
Gozag
Hepliaklqana
Kikubaaqudgha
Makhleb
Nemelex Xobeh
Okawaru
Qazlal
Ru
Sif Muna
Trog
Uskayaw
Vehumet
Wu Jian
Xom
Yredelemnul
Zin
The Shining One

Shops:
D:2 *

Annotations:
D:3 exclusion: oklob plant


Innate Abilities, Weirdness & Mutations

You have a pair of horns on your head.
You reflexively headbutt those who attack you in melee.


Message History

Unknown command.
You hit the komodo dragon.
The komodo dragon is lightly wounded.
The komodo dragon bites you but does no damage. x2
The komodo dragon bites you!
Unknown command.
You hit the komodo dragon. You headbutt the komodo dragon.
The komodo dragon is moderately wounded.
You block the komodo dragon's attack.
Unknown command.
You barely miss the komodo dragon.
The komodo dragon is moderately wounded.
You block the komodo dragon's attack.
The komodo dragon bites you but does no damage.
Unknown command.
You barely miss the komodo dragon. You headbutt the komodo dragon.
The komodo dragon is moderately wounded.
The komodo dragon bites you.
The komodo dragon bites you but does no damage.
The komodo dragon barely misses you. You furiously retaliate!
You headbutt the komodo dragon!
Unknown command.
You closely miss the komodo dragon. You headbutt the komodo dragon!
The komodo dragon is heavily wounded.
The komodo dragon bites you!
Unknown command.
You barely miss the komodo dragon. You headbutt the komodo dragon!
The komodo dragon is severely wounded.
The komodo dragon bites you!
* * * LOW HITPOINT WARNING * * *
The komodo dragon bites you but does no damage.
You hit the komodo dragon. You headbutt the komodo dragon.
The komodo dragon is almost dead.
The komodo dragon bites you.
* * * LOW HITPOINT WARNING * * *
The komodo dragon bites you!
* * * LOW HITPOINT WARNING * * *
Unknown command.
The komodo dragon bites you!
You die...

....................#
.##.#...............#
...................#
.....P....###..##..^#
.....#....####.####.#
.....#.....#.....# .#
..........##.....##.##
.....#....#....lll...#
..?...>.#.....@#..##
...#....###...##...#
...#P##.###..##
.............#
.............#
.............#
.............#
.............##
............>.#


You could see 3 komodo dragons.

Vanquished Creatures
  A two-headed ogre (D:9)
  A boulder beetle (D:11)
  A centaur warrior (D:11)
  3 death yaks (D:11)
  Amaemon (D:10)
  Lodul (D:11)
  Pikel (D:3)
  An ugly thing (D:11)
  A manticore (D:11)
  4 cane toads (Lair:1)
  An orange demon (D:10)
  2 komodo dragons (Lair:1)
  An unseen horror (D:10)
  A polar bear (Lair:1)
  A troll (D:11)
  A hornet (D:8)
  12 yaks
  3 wyverns
  A vampire (D:6)
  A wraith (D:11)
  A steam dragon (D:8)
  2 vampire mosquitoes (D:10)
  2 water moccasins
  2 black bears
  3 ice beasts
  3 orc warriors
  A sky beast (D:6)
  8 ogres
  A wolf (Lair:1)
  3 centaurs
  3 lemures
  4 kobold brigands
  4 bullfrogs
  3 scorpions
  Blork the orc (D:4)
  9 wights
  4 killer bees (D:7)
  3 howler monkeys
  A jelly (D:4)
  8 orc priests
  2 hounds
  6 iguanas
  2 sleepcaps
  12 orc wizards
  3 hell rats (D:11)
  Robin (D:3)
  4 gnolls (D:3)
  7 adders
  2 river rats (D:11)
  3 white imps
  An ufetubus (D:5)
  2 dart slugs
  2 worms
  37 orcs
  6 ball pythons
  10 endoplasms
  3 giant cockroaches
  12 goblins
  10 hobgoblins
  3 jackals (D:1)
  3 quokkas
  4 bats
  5 frilled lizards
  24 kobolds
  4 rats
273 creatures vanquished.

Notes
Turn   | Place    | Note
-------+----------+-------------------------------------------
     0 | D:1      | Peloso the Minotaur Fighter began the quest for the Orb.
     0 | D:1      | Reached XP level 1. HP: 19/19 MP: 0/0
    87 | D:1      | Reached XP level 2. HP: 27/27 MP: 1/1
   202 | D:1      | Reached skill level 3 in Long Blades
   490 | D:1      | Reached XP level 3. HP: 33/33 MP: 2/2
   867 | D:2      | Found Lerphak's Assorted Antiques.
   881 | D:2      | Bought a scroll labelled COIN TALOSKE for 26 gold pieces
   881 | D:2      | Bought a scroll labelled NAFOSH FIOTZ for 26 gold pieces
   881 | D:2      | Bought a bubbling yellow potion for 23 gold pieces
   881 | D:2      | Bought a smoky inky potion for 23 gold pieces
  1175 | D:2      | Reached XP level 4. HP: 28/40 MP: 3/3
  1344 | D:3      | Reached skill level 5 in Armour
  1447 | D:3      | Found a blossoming altar of Fedhas.
  1469 | D:3      | Noticed an oklob plant
  1597 | D:3      | Reached XP level 5. HP: 47/47 MP: 4/4
  1659 | D:3      | Noticed Robin
  1686 | D:3      | Killed Robin
  1687 | D:3      | Reached skill level 4 in Long Blades
  2599 | D:3      | Reached XP level 6. HP: 42/53 MP: 5/5
  2670 | D:4      | Reached skill level 5 in Long Blades
  2822 | D:4      | Reached skill level 5 in Shields
  2831 | D:4      | Noticed Blork the orc
  2839 | D:4      | Killed Blork the orc
  3055 | D:4      | Found a white marble altar of Elyvilon.
  3136 | D:4      | Reached skill level 6 in Long Blades
  3136 | D:4      | Reached XP level 7. HP: 60/60 MP: 6/6
  3438 | D:5      | Entered Level 5 of the Dungeon
  3482 | D:5      | Identified the +2 whip "Syegga Xoquo" {speed, rF++ rN+}
  3634 | D:5      | Identified the +0 scale mail of a sewer {+Inv rF+ rN+}
  3674 | D:4      | Reached skill level 5 in Fighting
  3674 | D:4      | Reached skill level 7 in Long Blades
  3674 | D:4      | Reached skill level 1 in Dodging
  3700 | D:5      | Noticed Pikel
  3701 | D:5      | Noticed a yak
  3790 | D:4      | Killed a yak
  3791 | D:4      | Reached XP level 8. HP: 52/70 MP: 7/7
  3843 | D:3      | Killed Pikel
  3844 | D:3      | Reached skill level 8 in Long Blades
  3913 | D:4      | Reached skill level 9 in Long Blades
  3913 | D:4      | Reached XP level 9. HP: 49/79 MP: 8/8
  4729 | D:6      | Found a glowing silver altar of Zin.
  4729 | D:6      | Found an opulent altar of Gozag.
  4827 | D:6      | Found an iron altar of Okawaru.
  4853 | D:6      | Reached skill level 10 in Long Blades
  4887 | D:6      | Became a worshipper of Warmaster Okawaru
  5429 | D:7      | Reached * piety under Okawaru
  5531 | D:7      | Found a shadowy altar of Dithmenos.
  5531 | D:7      | Found a snail-covered altar of Cheibriados.
  5532 | D:7      | Found a broken altar of Ashenzari.
  5590 | D:7      | Reached skill level 11 in Long Blades
  5592 | D:7      | Reached skill level 1 in Stealth
  5629 | D:7      | Found a staircase to the Ecumenical Temple.
  5849 | Temple   | Entered the Ecumenical Temple
  5954 | D:8      | Reached XP level 10. HP: 79/88 MP: 9/9
  5963 | D:8      | Reached skill level 10 in Armour
  5993 | D:8      | You fall into a shaft and drop 1 floor!
  6074 | D:9      | Found a shimmering blue altar of Sif Muna.
  6335 | D:8      | Reached ** piety under Okawaru
  6398 | D:8      | Found a radiant altar of Vehumet.
  6434 | D:8      | Paralysed by a hornet for 2 turns
  6503 | D:8      | Found a bloodstained altar of Trog.
  6831 | D:9      | Reached skill level 12 in Long Blades
  6935 | D:9      | Noticed a two-headed ogre
  6959 | D:9      | Killed a two-headed ogre
  7402 | D:10     | Entered Level 10 of the Dungeon
  7553 | D:10     | Reached *** piety under Okawaru
  7589 | D:10     | Reached skill level 13 in Long Blades
  7838 | D:10     | Reached XP level 11. HP: 74/97 MP: 10/10
  8193 | D:10     | Noticed Amaemon
  8205 | D:10     | Killed Amaemon
  8205 | D:10     | Reached **** piety under Okawaru
  8480 | D:10     | Found a hide-covered altar of Uskayaw.
  8731 | D:11     | Noticed a boulder beetle
  8792 | D:11     | Noticed a centaur warrior
  8821 | D:11     | Killed a centaur warrior
  8863 | D:11     | Noticed a white ugly thing
  8881 | D:11     | Killed a white ugly thing
  8910 | D:11     | Noticed Lodul
  9045 | D:11     | Killed Lodul
  9054 | D:11     | Reached skill level 14 in Long Blades
  9233 | D:11     | Found a staircase to the Lair.
  9236 | D:11     | Noticed a death yak
  9236 | D:11     | Noticed a death yak
  9236 | D:11     | Noticed a death yak
  9256 | D:11     | Killed a death yak
  9257 | D:11     | Reached skill level 10 in Fighting
  9270 | D:11     | Killed a death yak
  9271 | D:11     | Reached skill level 1 in Invocations
  9288 | D:11     | Killed a death yak
  9302 | D:11     | Noticed a boulder beetle
  9347 | D:11     | Noticed a sea snake
  9574 | D:11     | Killed a boulder beetle
  9644 | D:11     | Noticed a sea snake
 10743 | Lair:1   | Entered Level 1 of the Lair of Beasts
 11159 | Lair:1   | Reached XP level 12. HP: 108/108 MP: 12/12
 11178 | Lair:1   | Reached ***** piety under Okawaru
 11190 | Lair:1   | HP: 3/108 [komodo dragon (14)]
 11191 | Lair:1   | Mangled by a komodo dragon

Illustrated notes

Levels and vault maps discovered:
D:1:      minmay_arrival_cross, layout_basic, minivault_19, minivault_24
D:2:      layout_rooms, serial_shops, nicolae_shop_getting_attention,
          kennysheep_generic_room_4
D:3:      layout_loops_corners, tgw_fedhas, uniq_robin
D:4:      layout_cave_pools, elyvilon_altar_3, serial_column_ruins,
          column_ruins_hut, column_ruins_hut, column_ruins_columns_corner,
          column_ruins_open_tiny, column_ruins_columns_straight,
          column_ruins_corridor_straight, minmay_gold_behind_fungi,
          uniq_blork_the_orc
D:5:      layout_basic, minmay_misc_feat_hallway, eino_curves_03,
          chequers_serial_rivers_micro_c, corner_web_ring, minmay_bent,
          uniq_pikel
D:6:      layout_cave_pools, mainiacjoe_overflow_catwalk,
          grunt_temple_overflow_gold_and_silver
D:7:      layout_rooms, gammafunk_temple_overflow_forgotten,
          minmay_temple_entry_metal_lava
D:8:      layout_loops_ring, lightli_temple_of_fire,
          mainiacjoe_overflow_concentric_impassable, st_stairs_14
D:9:      layout_roguey, mainiacjoe_overflow_tiny_flanked, roderic_filled_cross
D:10:     layout_loops_ring, nicolae_uskayaw_suspiria, minmay_misc_feat_roman,
          chequers_serial_rivers_micro_c, nicolae_figureground_pulse,
          uniq_amaemon
D:11:     layout_basic, dpeg_lair_monsters, serial_aquarium,
          aquarium_bridge_square [aquarium_subvault_bridge,
          aquarium_subvault_wall, aquarium_subvault_window,
          aquarium_subvault_wall], aquarium_window_1, aquarium_window_1,
          aquarium_window_double, aquarium_window_1, aquarium_view_2e,
          aquarium_view_2d, aquarium_balcony_1b, aquarium_pool_2,
          minmay_misc_feat_tiny, lemuel_old_faithful, uniq_lodul
Temple:   chequers_temple_sunken
Lair:1:   layout_regular_city, beast_lair_carwin_10, uniq_erica

Skill      XL: |  1  2  3  4  5  6  7  8  9 10 11 |
---------------+----------------------------------+-----
Long Blades    | 3 4 6 7 9 11 13 14 | 14.6
Shields        | 4 5 6 8 9 |  9.7
Armour         | 4 5 6 7 8 9 10 12 | 12.5
Fighting       | 4 5 7 8 9 10 | 10.8
Dodging        | 1 2 |  2.8
Stealth        | 1 |  1.9
Invocations    | 1 |  1.7
Evocations     | |  0.8

Action                     |  1- 3 |  4- 6 |  7- 9 | 10-12 || total
---------------------------+-------+-------+-------+-------++-------
  Melee: Long sword        |   111 |   190 |   205 |       ||   506
         Headbutt          |    11 |    25 |    45 |   124 ||   205
         Falchion          |       |       |     3 |   495 ||   498
 Invoke: Heroism           |       |       |       |    11 ||    11
  Evoke: Wand              |       |       |     1 |     6 ||     7
    Use: Scroll            |     2 |       |     7 |    10 ||    19
         Potion            |     1 |       |       |     1 ||     2
   Stab: Distracted        |     1 |       |       |       ||     1
 Armour: Scale mail        |    40 |       |       |       ||    40
         Plate armour      |    12 |   191 |   148 |   238 ||   589
  Dodge: Dodged            |    48 |    62 |    84 |   109 ||   303
  Block: Buckler           |    26 |    58 |    58 |   121 ||   263
